Unix NetHack Version 3.7.0-89 Work-in-progress - last build Oct 29 2023 02:39:45 (20cca84197b74dff38aa9bb07c633f6875ef724d,branch:master). Game began 2023-10-31 16:54:11, ended 2023-10-31 17:23:33. BeanNighe, neutral male human Tourist ------ |..%.| |>...-# ------ ------% ----- |....| ## |...| |....| # ----- |...| ###...).| # |...| ------------- ----...| # |..<.| [# #....| "###...(...*._..-## ##.......| # ----.- #----------- ##|....### ............| # # |......| # # #|......@q.-#d####....| *#............-######.......| ## # #|.........| # |...-##### |...........) ----..)| ## # *|*........|## |...| -----------.- |....## # #..........| ----- |...| # |.........| ----- ---. |.........| |... ----------- |..| ---- BeanNighe the Excursionist St:15 Dx:12 Co:18 In:12 Wi:10 Ch:14 Neutral Dlvl:3 $:2985 HP:0(52) Pw:12(21) AC:8 Xp:6/558 T:6209 Hungry Blind Latest messages: You hear some noises. You hear some noises in the distance. You hit the rothe. You hear some noises. You have a sad feeling for a moment, then it passes. You hear some noises in the distance. You hear some noises. You fail to cast the spell correctly. The rothe hits! The rothe bites! The rothe bites again! You hear some noises in the distance. You hear some noises. You have a sad feeling for a moment, then it passes. You hear some noises in the distance. What do you want to throw? [$aouPY or ?*] In what direction? You throw 2 darts. The 1st dart hits the rothe. The 2nd dart hits the rothe! The rothe hits! The rothe bites! The rothe bites again! What do you want to throw? [$aouPY or ?*] In what direction? You throw 2 darts. The 1st dart hits the rothe! You kill the rothe! The 2nd dart hits the rothe. What do you want to throw? [$aouPY or ?*] In what direction? The dart hits the rothe. The rothe hits! The rothe bites! The rothe bites again! What do you want to throw? [$aouPY or ?*] In what direction? The dart hits the rothe! The rothe hits! The rothe bites! The rothe bites again! What do you want to throw? [$aouPY or ?*] In what direction? You throw 2 darts. The 1st dart hits the rothe. The 2nd dart hits the rothe! The rothe hits! The rothe bites! The rothe bites again! You die... Inventory: Coins ('$') $ - 2985 gold pieces Weapons (')') Y - 8 blessed +0 arrows o - an uncursed +0 arrow a - 4 uncursed +2 darts (at the ready) P - the uncursed rustproof +0 Cleaver u - the uncursed rustproof +0 Dragonbane U - the uncursed +0 Werebane (weapon in hand) Armor ('[') W - an uncursed +0 pair of iron shoes (being worn) X - an uncursed +0 dwarvish cloak (being worn) i - a blessed +0 Hawaiian shirt with an orchid motif (being worn) Comestibles ('%') c - 2 uncursed cream pies T - an uncursed fortune cookie f - an uncursed tin of szechuan kobold meat q - 3 uncursed lichen corpses Scrolls ('?') b - an uncursed scroll of blank paper B - an uncursed scroll of create monster I - an uncursed scroll of enchant weapon G - an uncursed scroll of genocide n - an uncursed scroll of identify J - an uncursed scroll of light h - 4 uncursed scrolls of magic mapping w - an uncursed scroll of remove curse Potions ('!') g - 2 uncursed potions of extra healing E - an uncursed diluted potion of fruit juice l - an uncursed potion of levitation z - a potion of holy water Wands ('/') v - an uncursed wand of striking (0:6) Tools ('(') k - an uncursed credit card j - an uncursed expensive camera (0:69) p - an uncursed +0 pick-axe s - an uncursed stethoscope R - an uncursed tallow candle Gems/Stones ('*') y - an uncursed jade stone C - an uncursed worthless piece of yellowish brown glass BeanNighe the Tourist's attributes: Background: You were an Excursionist, a level 6 male human Tourist. You were neutral, on a mission for The Lady who was opposed by Blind Io (lawful) and Offler (chaotic). You were in the Dungeons of Doom, on level 3. You entered the dungeon 6209 turns ago. There was a full moon in effect when your adventure ended. You had 558 experience points, 82 more were needed to attain level 7. Basics: You had 0 out of 52 hit points. You had 12 out of 21 energy points (spell power). Your armor class was 8. Your wallet contained 2985 zorkmids. Autopickup was on for '$?!"=/*', with exceptions. Final Characteristics: Your strength was 15 (limit:18/100). Your dexterity was 12 (limit:18). Your constitution was 18 (limit:18). Your intelligence was 12 (limit:18). Your wisdom was 10 (limit:18). Your charisma was 14 (limit:18). Final Status: You were temporarily blind. You were hungry. You were unencumbered. You were wielding a saber. You had basic skill with saber. Final Attributes: You were piously aligned. You were telepathic. You were warded. You were lucky. You are dead. Miscellaneous: You disabled loading of bones levels. Total elapsed playing time was 29 minutes and 21 seconds. Major events: Turn 1: BeanNighe the neutral male human Tourist entered the dungeon 1334: attained the rank of Sightseer (level 3) 2555: was bestowed with Cleaver by The Lady 2775: was bestowed with Werebane by The Lady 4123: was bestowed with Dragonbane by The Lady 5153: attained the rank of Excursionist (level 6) 6209: killed by a rothe Vanquished creatures: 3 leprechauns a rock piercer a rock mole a pony 2 fog clouds a kobold mummy a gray ooze a paper golem 7 giant ants 2 little dogs 4 floating eyes 2 dwarves a kobold leader 4 rothes 2 monkeys an orc zombie 2 dwarf zombies a wererat 5 iguanas 2 acid blobs 2 coyotes 3 gas spores 6 hobbits a hobgoblin 2 giant rats 4 cave spiders 6 yellow molds a gnome a gnome zombie 8 geckos 8 jackals a kobold 2 sewer rats 8 grid bugs 10 lichens 3 kobold zombies 9 newts 119 creatures vanquished. No species were genocided or became extinct. Voluntary challenges: You read items or engraved 4 times. You engraved Elbereth 1 time. You never genocided any monsters. You never polymorphed an object. You never changed form. You used no wishes. Achievements: You entered a shop. You attained the rank of Sightseer. You attained the rank of Excursionist. The Dungeons of Doom: levels 1 to 4 Level 1: A fountain. Level 2: "vault" A general store. Level 3: "vault" <- You were here. An altar to The Lady. Final resting place for you, killed by a rothe. Level 4: An altar. Game over: ---------- / \ / REST \ / IN \ / PEACE \ / \ | BeanNighe | | 2985 Au | | killed by a | | rothe | | | | | | 2023 | *| * * * | * _________)/\\_//(\/(/\)/\//\/|_)_______ Aloha BeanNighe the Tourist... You died in The Dungeons of Doom on dungeon level 3 with 4191 points, and 2985 pieces of gold, after 6209 moves. You were level 6 with a maximum of 52 hit points when you died.